AoeStats
← king_espo

MegaRandom

510623774Analyzed
2v2 RM · 1d ago on Oct 1, 2026· 37m 45s· 4 players
Game mode
Random Map
Map size
Medium (4 player)
Population
200
Speed
Normal
Resources
Standard
Victory
Conquest
Starting age
Dark Age
Ending age
Imperial Age
RankedLock teamsTeams togetherTeam positionsShared explorationLock speedFull tech treeHidden civsTurbo modeCheats
Victory
Defeat
🇺🇸 Saxons · United States
1186
+13
🇺🇸 Cumans · United States
1170
+14
🇨🇴 Persians · Colombia
1155
-14
1098
-13
king_espo
4:58 Loom
9:38 Feudal Age
10:31 Double-Bit Axe
16:30 Wheelbarrow
15:43 Town Watch
20:42 Castle Age
18:34 Horse Collar
20:41 Scale Barding Armor
20:47 Forging
20:53 Scale Barding Armor
20:55 Gold Mining
22:57 Bloodlines
24:21 Hand Cart
24:54 Bow Saw
25:58 Iron Casting
28:31 Chain Barding Armor
28:06 Fletching
33:51 Imperial Age
32:47 Bodkin Arrow
33:19 Ballistics
33:54 Cavalier
35:39 Blast Furnace
35:14 Plate Barding Armor
34:40 Padded Archer Armor
35:17 Paladin
37:11 Elite Skirmisher
37:56 Thumb Ring
Turtletamer11
6:37 Loom
12:15 Feudal Age
12:52 Double-Bit Axe
15:40 Castle Age
14:19 Fishing Lines
16:53 Wheelbarrow
17:14 Bow Saw
20:03 Forging
19:54 Scale Mail Armor
20:25 Gillnets
22:15 Wheelbarrow
22:03 Horse Collar
29:04 Imperial Age
29:28 Ballistics
30:47 Hand Cart
32:01 Chemistry
35:55 Siege Engineers
36:40 Redemption
35:56 Clerical Recruitment
37:40 Block Printing
37:47 Sanctity
38:29 Illumination
38:42 Theocracy
Pestañón Quema Cañón
7:18 Loom
9:42 Feudal Age
16:26 Castle Age
27:11 Horse Collar
29:42 Scale Mail Armor
32:39 Pikeman
33:20 Squires
33:05 Gambesons
33:37 Chain Mail Armor
36:52 Imperial Age
35:49 First Crusade
CVPE | Monje del SENA
10:56 Feudal Age
13:46 Loom
16:31 Castle Age
14:24 Double-Bit Axe
18:11 Horse Collar
22:24 Bow Saw
24:26 Heavy Plow
26:32 Scale Barding Armor
27:23 Husbandry
27:34 Bloodlines
32:00 Wheelbarrow
32:37 Gold Mining
32:54 Kamandaran
33:34 Chain Barding Armor
33:15 Padded Archer Armor
33:06 Fletching
35:08 Hand Cart
35:03 Crossbowman
39:02 Imperial Age
37:31 Thumb Ring
37:48 Forging
37:54 Leather Archer Armor
37:34 Bodkin Arrow
Connection lost

Rejoining the realm…

Still unreachable

The connection could not be restored.

Session expired

The server has moved on; the page needs a fresh start.